 Dungeon Crawl Stone Soup version 0.21-a0-421-gfc1ce30 (webtiles) character file.

7 trolface1997 the Grave Robber (level 1, -1/13 HPs)
             Began as a Vampire Necromancer on Nov 4, 2017.
             Slain by a kobold
             ... wielding a +0 whip
              (5 damage)
             ... on level 1 of the Dungeon.
             The game lasted 00:01:59 (220 turns).

trolface1997 the Grave Robber (Vampire Necromancer)  Turns: 220, Time: 00:02:00

Health: -1/13      AC:  2    Str:  7    XL:     1   Next: 83%
Magic:  2/3        EV: 12    Int: 17    God:
Gold:   15         SH:  0    Dex: 14    Spells: 2/4 levels left

rFire    . . .     SeeInvis +   d - +0 short sword
rCold    . . .     Gourm    .   (no shield)
rNeg     + . .     Faith    .   a - +0 robe
rPois    .         Spirit   .   (no helmet)
rElec    .         Reflect  .   (no cloak)
rCorr    .         Harm     .   (no gloves)
MR       .....                  (no boots)
Stlth    ++........             (no amulet)
HPRegen  0.04/turn              (no ring)
MPRegen  0.08/turn              (no ring)

@: no status effects
A: fangs 3, see invisible, unbreathing
a: no special abilities


You were on level 1 of the Dungeon.
You were not thirsty.

You visited 1 branch of the dungeon, and saw 2 of its levels.

You collected 15 gold pieces.

Inventory:

Hand Weapons
 d - a +0 short sword (weapon)
Armour
 a - a +0 robe (worn)
Scrolls
 e - a scroll of enchant weapon {unknown}
Potions
 c - 2 potions of blood
 f - a potion of curing {unknown}
Books
 b - a book of Necromancy

   Spells                             Type                      Level
   a - Pain                           Necromancy                   1
   b - Animate Skeleton               Necromancy                   1
   c - Vampiric Draining              Necromancy                   3
   d - Regeneration                   Charms/Necromancy            3
   e - Animate Dead                   Necromancy                   4
   f - Control Undead                 Necromancy                   4


   Skills:
 * Level 0.1 Fighting
 * Level 0.2 Armour
 - Level 2.2 Dodging
 + Level 3.0 Stealth
 * Level 2.1 Spellcasting
 + Level 4.6 Necromancy


You had 2 spell levels left.
You knew the following spells:

 Your Spells              Type           Power        Failure   Level  Hunger
a - Pain                  Necr           ###.         3%          1    #......
b - Animate Skeleton      Necr           N/A          3%          1    #......


Dungeon Overview and Level Annotations

Branches:
Dungeon (2/15)

Altars:


Innate Abilities, Weirdness & Mutations

You have razor-sharp teeth.
You have supernaturally acute eyesight. (SInv)
You can survive without breathing.


Message History

You hit the kobold. Your bite misses the kobold.
The kobold is severely wounded.
The kobold barely misses you.
Your magical contamination has completely faded away.
You hit the kobold but do no damage.
The kobold is severely wounded.
The kobold hits you but does no damage.
You hit the kobold.
You kill the kobold!
The bat barely misses you. The bat misses you.
You barely miss the bat. The bat hits you but does no damage.
The bat closely misses you.
You barely miss the bat. The bat hits you. The bat hits you but does no damage.
You hit the bat.
You kill the bat!
You miss the kobold. The kobold barely misses you.
You hit the kobold.
The kobold is severely wounded.
The kobold hits you with a whip.
You die...

#.......≈.<.≈......#
#.#.....≈...≈......# %
#......≈≈≈.......#####
##...........###..>..#
###..........######.#
#.........## #.#
##..#.#..## #.#
############ #.# #@#
#..# #.# #K# #..# #.#
#.# #..# #.# #.# #.b#
#.# #.# #..# #.#
#.####..#####.#
#...K.........#
########..####### ##
..........#


You could see a kobold.

Vanquished Creatures
  A ball python (D:1)
  2 bats (D:1)
  A hobgoblin (D:1)
  A kobold (D:1)
  A frilled lizard (D:1)
6 creatures vanquished.

Notes
Turn   | Place    | Note
-------+----------+-------------------------------------------
     0 | D:1      | trolface1997 the Vampire Necromancer began the quest for the Orb.
     0 | D:1      | Reached XP level 1. HP: 13/13 MP: 3/3
    18 | D:1      | Learned a level 1 spell: Animate Skeleton
   207 | D:2      | Noticed a crimson imp
   220 | D:1      | Slain by a kobold

Vault maps used:
D:1:      enne_arrival_octagon_isle
D:2:      nicolae_dithmenos_through_a_glass_darkly

Action                   || total
-------------------------++-------
Melee: Short sword       ||    11
 Cast: Pain              ||     7
       Animate Skeleton  ||     1
  Eat: Corpse            ||     1
Armor: Robe              ||    12
Dodge: Dodged            ||    26

Table legend:
 A = Spawn XP
 B = Non-spawn XP
 C = Spawn XP percentage of total XP
 D = Spawn monster count
 E = Non-spawn monster count
 F = Spawn count percentage of total count
 G = Total turns spent on level
                    A         B        C        D         E        F      G
               +---------+---------+-------+---------+---------+-------+---------
         Total |       0 |      10 |   0.0 |       0 |       6 |   0.0 |   220
               +---------+---------+-------+---------+---------+-------+---------
           D:1 |       0 |      10 |   0.0 |       0 |       6 |   0.0 |   218
               +---------+---------+-------+---------+---------+-------+---------
